 Dungeon Crawl Stone Soup version 0.28.0 (webtiles) character file.

Game seed: 14692770793051985898

378 belegose the Grasshopper (level 6, -2/51 HPs)
             Began as a Gnoll Warper on Feb 5, 2022.
             Was a Believer of Fedhas.
             Slain by a phantom (4 damage)
             ... on level 4 of the Dungeon.
             The game lasted 00:12:32 (5643 turns).

belegose the Grasshopper (Gnoll Warper)             Turns: 5643, Time: 00:12:32

Health: -2/51      AC:  6    Str: 12    XL:     6   Next: 74%
Magic:  14/14      EV: 13    Int: 13    God:    Fedhas [**....]
Gold:   175        SH:  0    Dex: 11    Spells: 12/15 levels left

rFire   . . .      SeeInvis .   a - +3 flail
rCold   . . .      Faith    .   (no shield)
rNeg    + . .      Spirit   .   v - +0 leather armour
rPois   +          Reflect  .   (no helmet)
rElec   .          Harm     .   (no cloak)
rCorr   .          Rampage  .   q - +2 pair of gloves
Will    .....                   (no boots)
Stlth   ++........              (no amulet)
HPRegen 0.17/turn               n - ring of poison resistance
MPRegen 0.14/turn               o - ring of positive energy

@: no status effects
A: fangs 1, strong nose, distributed training
a: Renounce Religion, Wall of Briars


You were on level 4 of the Dungeon.
You worshipped Fedhas.
Fedhas was pleased with you.
You visited 1 branch of the dungeon, and saw 4 of its levels.

You collected 175 gold pieces.

Inventory:

Hand Weapons
 a - a +3 flail (weapon)
 b - a +0 fustibalus
 u - a +0 falchion
Missiles
 d - 5 boomerangs of dispersal
 g - 6 boomerangs
 i - 36 bolts
 l - 5 javelins (quivered)
 p - 118 stones
 y - 35 sling bullets
Armour
 h - a +0 scale mail
 q - a +2 pair of gloves (worn)
 v - a +0 leather armour (worn)
Jewellery
 n - a ring of poison resistance (left hand)
 o - a ring of positive energy (right hand)
 t - a ring of ice
Wands
 w - a wand of polymorph (4)
Scrolls
 c - 2 scrolls of blinking
 f - 5 scrolls of identify {unknown}
 j - 2 scrolls of enchant armour {unknown}
 m - a scroll of fog {unknown}
 r - a scroll of teleportation {unknown}
 s - a scroll of fear {unknown}


   Skills:
 + Level 5.0 Fighting
 + Level 2.1 Short Blades
 + Level 5.0 Long Blades
 + Level 2.1 Axes
 + Level 2.1 Maces & Flails
 + Level 2.1 Polearms
 + Level 2.1 Staves
 + Level 2.1 Slings
 + Level 2.1 Bows
 + Level 2.1 Crossbows
 + Level 3.3 Throwing
 + Level 3.3 Armour
 + Level 5.0 Dodging
 + Level 2.1 Stealth
 + Level 2.1 Shields
 + Level 2.1 Unarmed Combat
 + Level 5.4 Spellcasting
 + Level 1.6 Conjurations
 + Level 1.6 Hexes
 + Level 1.6 Summonings
 + Level 1.6 Necromancy
 + Level 5.7 Translocations
 + Level 1.6 Transmutations
 + Level 1.6 Fire Magic
 + Level 1.6 Ice Magic
 + Level 1.6 Air Magic
 + Level 1.6 Earth Magic
 + Level 1.6 Poison Magic
 + Level 2.3 Invocations
 + Level 2.1 Evocations


You had 12 spell levels left.
You knew the following spells:

 Your Spells              Type           Power      Damage    Failure   Level
a - Blink                 Tloc           36%        N/A       3%          2
b - Freeze                Ice            28%        1d5       12%         1

Your spell library contained the following spells:

 Spells                   Type           Power      Damage    Failure   Level
 Gell's Gravitas          Tloc           18%        N/A       6%          3
 Lesser Beckoning         Tloc           18%        N/A       6%          3
 Teleport Other           Tloc           18%        N/A       6%          3
 Shock                    Conj/Air       28%        1d4       12%         1
 Frozen Ramparts          Ice            14%        1d3       34%         3
 Stone Arrow              Conj/Erth      14%        3d7       34%         3
 Swiftness                Air            7%         N/A       34%         3
 Manifold Assault         Tloc           18%        N/A       52%         5
 Airstrike                Air            3%         N/A       75%         4
 Animate Armour           Summ/Erth      14%        N/A       75%         4
 Hailstorm                Conj/Ice       7%         3d4       75%         4
 Lehudib's Crystal Spear  Conj/Erth      3%         10d3      100%        8


Dungeon Overview and Level Annotations

Branches:
Dungeon (4/15)
 Temple: D:4-7

Altars:
Fedhas
Sif Muna
Xom

Annotations:
D:2 1 runed translucent door, exclusion: door, Crazy Yiuf


Innate Abilities, Weirdness & Mutations

You have very sharp teeth.
Your uncanny sense of smell can sniff out nearby items.
Your experience applies equally to all skills.


Message History

Aim: a phantom (moderately damaged, not susceptible)
The phantom is unaffected.
The phantom hits you.
The phantom blinks!
You blink.
Unknown command.
Unknown command.
You completely miss the phantom.
The phantom is lightly damaged.
The phantom misses you.
The phantom hits you but does no damage.
You barely miss the phantom.
The phantom is lightly damaged.
The phantom hits you!
* * * LOW HITPOINT WARNING * * *
You barely miss the phantom.
The phantom is lightly damaged.
The phantom hits you.
* * * LOW HITPOINT WARNING * * *
It was a potion of curing.
You feel better. The phantom completely misses you.
It was a potion of might.
You feel very mighty all of a sudden. The phantom hits you!
* * * LOW HITPOINT WARNING * * *
It was a potion of cancellation.
Your magical effects are unravelling.
You feel magically purged.
You feel a little less mighty now.
The phantom hits you but does no damage.
You feel better.
The phantom hits you but does no damage.
Unknown command.
You hit the phantom.
The phantom is lightly damaged.
The phantom hits you.
* * * LOW HITPOINT WARNING * * *
The phantom hits you.
* * * LOW HITPOINT WARNING * * *
You closely miss the phantom.
The phantom is lightly damaged.
The phantom hits you.
You die...
Fedhas appreciates your contribution to the ecosystem.

######### #.......# #
#.......# # #.......#
############ ##'######
'..........###########.#
########...............#
)))....§.............>.#
#####..§......##@......#
#.....##...W.......#
########..#...⌠....#
#..##.......#
#..##.......########
#.......(..........#
#..#.####..########
#..............######
##.#.####......##....


You could see a phantom.

Vanquished Creatures
  Duvessa (D:4)
  A gnoll shaman (D:3)
  8 gnolls
  4 adders
  2 worms
  4 dart slugs
  5 orcs
  2 endoplasms (D:1)
  7 giant cockroaches
  6 goblins
  3 hobgoblins
  2 jackals (D:3)
  5 quokkas
  5 ball pythons
  7 bats
  A frilled lizard (D:1)
  9 kobolds
  3 rats (D:2)
75 creatures vanquished.

Vanquished Creatures (collateral kills)
  Dowan (D:4)
1 creature vanquished.

Grand Total: 76 creatures vanquished

Notes
Turn   | Place    | Note
-------+----------+-------------------------------------------
     0 | D:1      | belegose the Gnoll Warper began the quest for the Orb.
     0 | D:1      | Reached XP level 1. HP: 20/20 MP: 6/6
   294 | D:1      | Reached XP level 2. HP: 16/26 MP: 7/7
   601 | D:1      | Found a faded altar of an unknown god.
   734 | D:1      | Prayed at the altar of an unknown god.
   734 | D:1      | Became a worshipper of Fedhas Madash
   734 | D:1      | Reached * piety under Fedhas
  1452 | D:2      | Reached XP level 3. HP: 31/31 MP: 9/9
  1480 | D:2      | Reached skill level 5 in Spellcasting
  1638 | D:2      | Learned a level 2 spell: Blink
  1926 | D:2      | Reached skill level 1 in Invocations
  2034 | D:2      | Found a runed translucent door.
  2035 | D:2      | Noticed Crazy Yiuf
  2502 | D:3      | Reached skill level 1 in Short Blades
  2502 | D:3      | Reached skill level 1 in Axes
  2502 | D:3      | Reached skill level 1 in Maces & Flails
  2502 | D:3      | Reached skill level 1 in Polearms
  2502 | D:3      | Reached skill level 1 in Staves
  2502 | D:3      | Reached skill level 1 in Slings
  2502 | D:3      | Reached skill level 1 in Bows
  2502 | D:3      | Reached skill level 1 in Crossbows
  2502 | D:3      | Reached skill level 1 in Stealth
  2502 | D:3      | Reached skill level 1 in Shields
  2502 | D:3      | Reached skill level 1 in Unarmed Combat
  2502 | D:3      | Reached skill level 1 in Evocations
  2650 | D:3      | Reached ** piety under Fedhas
  2672 | D:2      | Reached XP level 4. HP: 38/38 MP: 11/11
  2759 | D:3      | Found a shimmering blue altar of Sif Muna.
  2902 | D:3      | Found a shimmering altar of Xom.
  3449 | D:3      | Learned a level 1 spell: Freeze
  3540 | D:4      | Noticed Duvessa
  3540 | D:4      | Noticed Dowan
  4212 | D:2      | Reached skill level 1 in Conjurations
  4212 | D:2      | Reached skill level 1 in Hexes
  4212 | D:2      | Reached skill level 1 in Summonings
  4212 | D:2      | Reached skill level 1 in Necromancy
  4212 | D:2      | Reached skill level 1 in Transmutations
  4212 | D:2      | Reached skill level 1 in Fire Magic
  4212 | D:2      | Reached skill level 1 in Ice Magic
  4212 | D:2      | Reached skill level 1 in Air Magic
  4212 | D:2      | Reached skill level 1 in Earth Magic
  4212 | D:2      | Reached skill level 1 in Poison Magic
  4523 | D:4      | Reached XP level 5. HP: 38/43 MP: 12/12
  5105 | D:4      | Killed Duvessa
  5106 | D:4      | Reached skill level 5 in Fighting
  5106 | D:4      | Reached skill level 5 in Long Blades
  5106 | D:4      | Reached skill level 5 in Dodging
  5106 | D:4      | Reached XP level 6. HP: 51/51 MP: 11/14
  5117 | D:4      | Killed Dowan
  5642 | D:4      | HP: 2/51 [phantom (6)]
  5643 | D:4      | Slain by a phantom

Illustrated notes

Levels and vault maps discovered:
D:1:      lightli_arrival_statuegarden, layout_loops_ring,
          basic_ecumenical_altar, st_stairs_3, minmay_vboxes
D:2:      layout_loops_corners, corner_web_ring, uniq_crazy_yiuf_cottage
D:3:      layout_loops_ring, nicolae_overflow_crystal_walls, lemuel_round_altar
D:4:      layout_basic, mainiacjoe_overflow_big_doors, solitary_fountain,
          uniq_duvessa

Skill      XL: |  1  2  3  4  5  6 |
---------------+-------------------+-----
Spellcasting   | 5 |  5.4
Invocations    | 1 2 |  2.3
Short Blades   | 1 2 |  2.1
Axes           | 1 2 |  2.1
Maces & Flails | 1 2 |  2.1
Polearms       | 1 2 |  2.1
Staves         | 1 2 |  2.1
Slings         | 1 2 |  2.1
Bows           | 1 2 |  2.1
Crossbows      | 1 2 |  2.1
Stealth        | 1 2 |  2.1
Shields        | 1 2 |  2.1
Unarmed Combat | 1 2 |  2.1
Evocations     | 1 2 |  2.1
Conjurations   | 1 |  1.6
Hexes          | 1 |  1.6
Summonings     | 1 |  1.6
Necromancy     | 1 |  1.6
Transmutations | 1 |  1.6
Fire Magic     | 1 |  1.6
Ice Magic      | 1 |  1.6
Air Magic      | 1 |  1.6
Earth Magic    | 1 |  1.6
Poison Magic   | 1 |  1.6
Throwing       | 3 |  3.3
Armour         | 3 |  3.3
Fighting       | 5 |  5.0
Long Blades    | 5 |  5.0
Dodging        | 5 |  5.0
Translocations | |  5.7

Action                   |  1- 3 |  4- 6 || total
-------------------------+-------+-------++-------
Melee: Falchion          |   161 |    65 ||   226
       Bite              |    17 |    13 ||    30
       Punch             |     1 |     3 ||     4
       Flail             |       |   100 ||   100
 Fire: Hunting sling     |       |    15 ||    15
       Fustibalus        |       |    11 ||    11
Throw: Javelin           |       |     4 ||     4
Invok: Wall of Briars    |       |     1 ||     1
Evoke: Wand              |       |     1 ||     1
  Use: Potion            |       |     4 ||     4
 Stab: Sleeping          |     2 |       ||     2
Armor: Leather armour    |    50 |    35 ||    85
       Skin              |       |     7 ||     7
Dodge: Dodged            |   140 |   105 ||   245
